 Dungeon Crawl Stone Soup version 0.29.1-1-gd02db6906a (webtiles) character file.

Game seed: 17618591999171810232

4 Descartes the Changer (level 1, 0/7 HPs)
             Began as a Felid Wanderer on Oct 19, 2022.
             Frozen to death by an endoplasm (5 damage)
             ... on level 1 of the Dungeon.
             The game lasted 00:00:51 (89 turns).

Descartes the Changer (Felid Wanderer)                Turns: 89, Time: 00:00:52

Health: 0/7        AC:  1    Str:  5    XL:     1   Next: 50%
Magic:  3/4        EV: 19    Int: 13    God:
Gold:   18         SH:  0    Dex: 18    Spells: 3/4 levels left
                                        Lives:  0   Deaths: 0

rFire   . . .      SeeInvis +   (weapon unavailable)
rCold   . . .      Faith    .   (shield unavailable)
rNeg    . . .      Spirit   .   (body armour unavailable)
rPois   .          Reflect  .   (helmet unavailable)
rElec   .          Harm     .   (cloak unavailable)
rCorr   .          Rampage  .   (gloves unavailable)
Will    .....                   (boots unavailable)
Stlth   ++........              (no amulet)
HPRegen 0.02/turn               (no ring)
MPRegen 0.09/turn               (no ring)

@: appendages (expiring), quick
A: horns 2, very small, claws 1, fangs 3, see invisible, speed 1, shaggy fur 1,
stealthy paws, no weapons or thrown items, no armour, multi-lived
a: End Transformation


You were on level 1 of the Dungeon.
You had temporarily grown beastly horns.
You visited 1 branch of the dungeon, and saw 1 of its levels.

You collected 18 gold pieces.

Inventory:

Scrolls
 a - a scroll of fog
 c - a scroll of teleportation {unknown}
 d - a scroll of magic mapping {unknown}
Potions
 b - a potion of curing {unknown}


   Skills:
 + Level 4.1 Dodging
 * Level 0.6 Unarmed Combat
 - Level 2.0 Spellcasting
 + Level 4.4 Transmutations
 - Level 1.0 Earth Magic


You had 3 spell levels left.
You knew the following spells:

 Your Spells              Type           Power      Damage    Failure   Level
a - Beastly Appendage     Tmut           24%        N/A       4%          1

Your spell library contained the following spells:

 Spells                   Type           Power      Damage    Failure   Level
 Sandblast                Erth           6%         2d5       17%         1
 Ignite Poison            Fire/Tmut/Pois 5%         N/A       38%         3
 Stone Arrow              Conj/Erth      4%         3d7       52%         3
 Ice Form                 Ice/Tmut       7%         N/A       71%         4


Dungeon Overview and Level Annotations

Branches:
Dungeon (1/15)

Altars:


Innate Abilities, Weirdness & Mutations

You have temporarily grown beastly horns.
You have sharp claws.
You have razor-sharp teeth.
You have supernaturally acute eyesight. (SInv)
You cover ground quickly. (Speed+)
You are covered in fur. (AC +1)
Your paws help you pounce on unaware monsters.
You are incapable of wielding weapons or throwing items.
You cannot wear armour.
You gain extra lives every three experience levels.


Message History

No target in view!
Your horns disappear.
HP restored.
Things that are here:
a +0 dagger; a goblin corpse A frilled lizard comes into view.
The frilled lizard hisses angrily.
Casting: Beastly Appendage (safe; 4% risk of failure)
Confirm with . or Enter, or press ? or * to list all spells.
You grow a pair of large bovine horns.
No target in view!
No target in view!
A frilled lizard is nearby!
A frilled lizard comes into view.
Found 10 gold pieces.
The frilled lizard hisses angrily.
You scratch the frilled lizard.
You kill the frilled lizard!
You see here a frilled lizard corpse.
You completely miss the frilled lizard. You headbutt the frilled lizard.
You kill the frilled lizard!
No target in view!
Magic restored.
Your transformation is almost over.
d - a scroll labelled NUYRPH LOIHUAK An endoplasm comes into view.
Found a scroll labelled ERHAEH COUNA.
Casting: Beastly Appendage (safe; 4% risk of failure)
Confirm with . or Enter, or press ? or * to list all spells.
You extend your transformation's duration.
You see here 10 gold pieces.
The endoplasm quivers.
Your transformation is almost over.
The endoplasm hits you.
You scratch the endoplasm.
The endoplasm is heavily wounded.
The endoplasm freezes you.
You are frozen.
Ouch! That really hurt!
You die...

#..........#.#....#
####.##.##.####.#.)..#
#......†...####.##†#.#
#.###.#.......#......#
.........####.####.###
#.###.##.......# #.#
#. #....#..# #.. .
#.##.#..##### ##
#.$..@J?.....
#.#####.##### #.# #
#.. ###


You could see an endoplasm.

Vanquished Creatures
  A goblin (D:1)
  A hobgoblin (D:1)
  2 frilled lizards (D:1)
4 creatures vanquished.

Notes
Turn   | Place    | Note
-------+----------+-------------------------------------------
     0 | D:1      | Descartes the Felid Wanderer began the quest for the Orb.
     0 | D:1      | Descartes set off with the following items: a scroll of
                  | fog; and the following spells available to memorise:
                  | Beastly Appendage, Sandblast, Ignite Poison, Stone Arrow,
                  | Ice Form.
     0 | D:1      | Reached XP level 1. HP: 7/7 MP: 4/4
     2 | D:1      | Learned a level 1 spell: Beastly Appendage
    89 | D:1      | Frozen to death by an endoplasm

Illustrated notes

Levels and vault maps discovered:
D:1:      onia_arrival_pyramid, layout_loops_cross,
          shapermc_ecumenical_altar_mp_vishouse, minmay_circled_x

Action                   || total
-------------------------++-------
Melee: Unarmed           ||    13
       Headbutt          ||     2
       Bite              ||     1
 Cast: Beastly Appendage ||     3
Dodge: Dodged            ||     9
